 Dungeon Crawl Stone Soup version 0.18-a0-24-g6e14259 (webtiles) character file.

18 Dirtsage the Slasher (level 2, -3/24 HPs)
             Began as a Vampire Berserker on Nov 3, 2015.
             Was a Follower of Trog.
             Slain by a quokka (4 damage)
             ... on level 2 of the Dungeon.
             The game lasted 00:02:13 (651 turns).

Dirtsage the Slasher (Vampire Berserker)             Turns: 651, Time: 00:02:13

Health: -3/24      AC:  2    Str: 16    XL:     2   Next: 48%
Magic:  2/2        EV: 12    Int:  9    God:    Trog [*.....]
Gold:   24         SH:  0    Dex: 13    Spells: 0 memorised, 1 level left

rFire  . . .     SeeInvis +     a - +0 falchion
rCold  . . .     Clarity  .     b - +0 animal skin
rNeg   . . .     SustAt   .     (no shield)
rPois  .         Gourm    .     (no helmet)
rElec  .         Spirit   .     (no cloak)
rCorr  .         Warding  .     (no gloves)
rMut   .         Stasis   .     (no boots)
MR     .....                    (no amulet)
Stlth  +.........               (no ring)
                                (no ring)

@: lethally poisoned (-3 -> -6), regenerating quickly, not resistant to hostile
enchantments, very unstealthy
A: fangs 3, see invisible, unbreathing
a: Berserk, Burn Spellbooks, Renounce Religion


You were on level 2 of the Dungeon.
You worshipped Trog.
Trog was aware of your devotion.
You were full.

You visited 1 branch of the dungeon, and saw 2 of its levels.

You collected 24 gold pieces.

Inventory:

Hand Weapons
 a - a +0 falchion (weapon)
Missiles
 d - 2 throwing nets (quivered)
 j - 5 exploding tomahawks
Armour
 b - a +0 animal skin (worn)
Scrolls
 e - a scroll of blinking {unknown}
 f - 2 scrolls of identify {unknown}
 i - a scroll of remove curse {unknown}
 l - a scroll of teleportation {unknown}
Potions
 c - a potion of heal wounds {unknown}
 g - 3 potions of curing {unknown}
 h - 7 potions of blood
 k - a potion of brilliance {unknown}


   Skills:
 + Level 3.0 Fighting
 + Level 3.3 Long Blades
 + Level 1.7 Armour
 + Level 2.4 Dodging


You had one spell level left.
You didn't know any spells.

Dungeon Overview and Level Annotations

Branches:
Dungeon (2/15)

Altars:


Innate Abilities, Weirdness & Mutations

Your natural rate of healing is unusually fast.
You have razor-sharp teeth.
You have supernaturally acute eyesight.
You can survive without breathing.


Message History

The adder poisons you!
You barely miss the adder. Your bite misses the adder.
You feel sick. The bat hits you. The quokka bites you.
The adder barely misses you.
You slash the adder! Your bite misses the adder.
The adder is heavily wounded.
You feel sick. The quokka bites you. The adder bites you.
The bat hits you but does no damage. The quokka bites you.
You hit the adder but do no damage.
The adder is heavily wounded.
You feel sick. The bat hits you but does no damage. The bat barely misses you.
The adder bites you but does no damage. The adder bites you.
* * * LOW HITPOINT WARNING * * *
The quokka bites you.
* * * LOW HITPOINT WARNING * * *
The bat hits you but does no damage.
* * * LOW HITPOINT WARNING * * *
You feel sick. The bat hits you.
* * * LOW HITPOINT WARNING * * *
The quokka bites you.
You die...

..... .# ...P
..# ♣... ..#
♣..P ...#
.♣♣♣..P♣♣♣P..#
P.....PP..P..#
.......S.....#
#br##..#
#@....#
#..#### ...#
###.# .# .. ##


You could see an adder, a quokka and a bat.

Vanquished Creatures
  3 bats (D:1)
  2 giant cockroaches (D:1)
  2 hobgoblins (D:1)
  3 giant newts (D:1)
  A goblin (D:1)
  5 kobolds (D:1)
  2 rats (D:1)
18 creatures vanquished.

Notes
Turn   | Place    | Note
--------------------------------------------------------------
     0 | D:1      | Dirtsage the Vampire Berserker began the quest for the Orb.
     0 | D:1      | Reached XP level 1. HP: 17/17 MP: 1/1
   187 | D:1      | Reached XP level 2. HP: 9/23 MP: 2/2
   651 | D:2      | HP: 1/24 [bat (1)]
   651 | D:2      | Slain by a quokka

Vault maps used:
D:1:      lightli_arrival_statue_moat, serial_forest,
          infiniplex_forest_lined_room_2, infiniplex_forest_clump_large,
          infiniplex_forest_lined_3_way, infiniplex_forest_lined_room_,
          infiniplex_forest_straight_3, infiniplex_forest_clump_curved,
          infiniplex_forest_clump_small
D:2:      minivault_4, grunt_ministairs_4, kennysheep_boxes

Action                   || total
-------------------------++-------
Melee: Falchion          ||    63
Invok: Berserk           ||     1
  Use: Potion            ||     3
 Stab: Sleeping          ||     1
  Eat: Corpse            ||     2
